 Dungeon Crawl Stone Soup version 0.23.2-1-ga50397a (webtiles) character file.

Game seed: 2579879160167158382

32 xveg the Skirmisher (level 3, 0/29 HPs)
             Began as a Demonspawn Abyssal Knight on May 15, 2019.
             Was a Follower of Lugonu.
             Slain by an iguana (10 damage)
             ... on level 2 of the Dungeon.
             The game lasted 00:01:38 (774 turns).

xveg the Skirmisher (Demonspawn Abyssal Knight)      Turns: 774, Time: 00:01:39

Health: 0/29       AC:  3    Str: 13    XL:     3   Next: 10%
Magic:  5/5        EV: 11    Int: 13    God:    Lugonu [*.....]
Gold:   78         SH:  0    Dex: 12    Spells: 2/2 levels left

rFire    . . .     SeeInvis .   a - +1 spear
rCold    + . .     Gourm    .   (no shield)
rNeg     . . .     Faith    .   l - +0 leather armour (curse)
rPois    .         Spirit   .   (no helmet)
rElec    .         Reflect  .   (no cloak)
rCorr    .         Harm     .   (no gloves)
MR       .....                  (no boots)
Stlth    +.........             (no amulet)
HPRegen  0.09/turn              (no ring)
MPRegen  0.09/turn              (no ring)

@: no status effects
A: cold resistance 1
a: Depart the Abyss, Renounce Religion


You were on level 2 of the Dungeon.
You worshipped Lugonu.
Lugonu was aware of your devotion.
You were not hungry.

You visited 1 branch of the dungeon, and saw 2 of its levels.
You visited the Abyss 1 time.

You collected 78 gold pieces.

Inventory:

Hand Weapons
 a - a +1 spear (weapon)
Missiles
 k - 29 sling bullets
Armour
 b - a +0 leather armour
 l - a cursed +0 leather armour (worn)
Jewellery
 m - an uncursed amulet of faith {unknown}
Scrolls
 e - 2 scrolls of teleportation {unknown}
 f - a scroll of remove curse {unknown}
 g - 2 scrolls of blinking {unknown}
 j - a scroll of identify {unknown}
Potions
 d - a potion of heal wounds {unknown}
 h - a potion of lignification {unknown}
 i - a potion of curing {unknown}
Comestibles
 c - a ration


   Skills:
 + Level 3.2 Fighting
 + Level 2.6 Polearms
 + Level 2.1 Armour
 + Level 0.8 Dodging
 + Level 2.7 Invocations


You had 2 spell levels left.
You didn't know any spells.
Your spell library was empty.

Dungeon Overview and Level Annotations

Branches:
Dungeon (2/15)

Altars:


Innate Abilities, Weirdness & Mutations

Your flesh is cold resistant. (rC+)


Message History

A jackal comes into view.
The jackal barks!
The jackal stops to sniff the ground.
There are monsters nearby!
Attack whom?
Press: ? - help, Dir - move target cursor, f - iguana
Aim: an iguana You reach to attack!
You barely miss the iguana.
A jackal comes into view.
There are monsters nearby!
You hit the iguana but do no damage.
A jackal comes into view.
The iguana bites you.
The jackal barks!
You hit the iguana but do no damage.
The jackal bites you but does no damage.
The iguana bites you!
You hit the iguana but do no damage. The jackal bites you. The goblin hits you.
The iguana bites you!
You die...

....(...#######.#
..................###
......#...))........#
#...###............####
#... #...............<
##...###................
........................
.........#########......
.......@.# #......
.....hhlgg..... #######
..$............
....h.$........
...............
..h............
...............
...............


You could see an iguana, 4 jackals, a hobgoblin and a goblin.

Vanquished Creatures
  3 dart slugs
  2 ball pythons (D:1)
  A bat (D:1)
  3 goblins (D:1)
  3 hobgoblins (D:1)
  2 jackals (D:1)
  3 kobolds
  2 frilled lizards (D:1)
  7 rats (D:1)
26 creatures vanquished.

Notes
Turn   | Place    | Note
-------+----------+-------------------------------------------
     0 | Abyss:1  | xveg the Demonspawn Abyssal Knight began the quest for the
                  | Orb.
     0 | Abyss:1  | Reached XP level 1. HP: 18/18 MP: 2/2
    43 | Abyss:1  | Noticed a starcursed mass
    44 | D:1      | Escaped the Abyss
    97 | D:1      | Reached * piety under Lugonu
   151 | D:1      | Gained mutation: Your flesh is cold resistant. (rC+)
                  | [demonic ancestry]
   151 | D:1      | Reached XP level 2. HP: 16/24 MP: 3/3
   719 | D:2      | Reached XP level 3. HP: 29/29 MP: 5/5
   774 | D:2      | Slain by an iguana

Skill      XL: |  1  2 |
---------------+-------+-----
Polearms       | 2 |  2.6
Armour         | 2 |  2.1
Fighting       | |  3.2
Dodging        | |  0.8
Invocations    | |  2.7

Action                   || total
-------------------------++-------
Melee: Spear             ||    92
Invok: Depart the Abyss  ||     1
Armor: Leather armour    ||    25
Dodge: Dodged            ||    45
